 Dungeon Crawl Stone Soup version 0.30.0 (webtiles) character file.

Game seed: 3865695339611931783

840 Brutalitops the Slasher (level 7, -1/46 (48) HPs)
             Began as a Vampire Fighter on May 6, 2023.
             Was a Follower of Hepliaklqana.
             Slain by a wight
             ... wielding a +2 flail
              (11 damage)
             ... on level 6 of the Dungeon.
             The game lasted 00:14:46 (4234 turns).

Brutalitops the Slasher (Vampire Fighter)           Turns: 4234, Time: 00:14:47

HP:   -1/46 (48)    AC: 10    Str: 15    XL:     7   Next: 67%
MP:   7/7           EV: 10    Int: 10    God:    Hepliaklqana [*.....]
Gold: 455           SH:  5    Dex: 16    Spells: 6/6 levels left

rFire   . . .        a - +1 long sword (flame)
rCold   . . .        c - +0 buckler
rNeg    . . .        b - +0 scale mail
rPois   .            (no helmet)
rElec   .            (no cloak)
rCorr   .            (no gloves)
SInv    +            t - +2 pair of boots
Will    .....        (no amulet) Stlth
                     (no ring)
HPRegen 0.47/turn    (no ring)
MPRegen 0.10/turn

%: no passive effects
@: healing quickly, lightly drained
A: reduced essence, alive, fangs 3, see invisible, vampiric 2
a: Exsanguinate, Renounce Religion, Recall Ancestor, Ancestor Identity


You were on level 6 of the Dungeon.
You worshipped Hepliaklqana.
Hepliaklqana was aware of your devotion.
You visited 2 branches of the dungeon, and saw 7 of its levels.

You collected 455 gold pieces.

Inventory:

Hand Weapons
 a - a +1 long sword of flaming (weapon)
 p - a +3 short sword
Armour
 b - a +0 scale mail (worn)
 c - a +0 buckler (worn)
 t - a +2 pair of boots (worn)
Wands
 m - a wand of iceblast (20)
Scrolls
 g - a scroll of teleportation
 h - a scroll of amnesia
Potions
 d - 2 potions of might
 e - a potion of ambrosia {unknown}
 f - a potion of attraction
 i - 2 potions of brilliance
 j - 2 potions of magic
 k - 3 potions of curing
 l - a potion of berserk rage {unknown}
 n - a potion of flight {unknown}
 o - a potion of mutation {unknown}
 q - a potion of cancellation {unknown}
 r - a potion of heal wounds
 s - a potion of invisibility {unknown}


   Skills:
 + Level 4.2 Fighting
 + Level 5.9 Long Blades
 + Level 3.8 Armour
 + Level 2.9 Dodging
 + Level 1.0 Stealth
 + Level 3.5 Shields


You had 6 spell levels left.
You didn't know any spells.
Your spell library contained the following spells:

 Spells                   Type           Power      Damage    Failure   Level
 Apportation              Tloc           0%         N/A       88%         1
 Cigotuvi's Dreadful Rot  Necr/Pois/Air  0%         N/A       95%         2
 Ignite Poison            Fire/Tmut/Pois 0%         N/A       99%         3
 Inner Flame              Hex/Fire       0%         N/A       99%         3
 Ozocubu's Armour         Ice            0%         N/A       99%         3
 Alistair's Intoxication  Tmut/Pois      0%         N/A       100%        5
 Freezing Cloud           Conj/Ice/Air   0%         6-21      100%        5
 Yara's Violent Unravell  Hex/Tmut       0%         3d3       100%        5
 Enfeeble                 Hex            0%         N/A       100%        7
 Ozocubu's Refrigeration  Ice            0%         4d7       100%        7


Dungeon Overview and Level Annotations

Branches:
Dungeon (6/15)             Temple (1/1) D:4

Altars:
Cheibriados
Fedhas
Hepliaklqana
Qazlal
Sif Muna
Trog
Uskayaw
Vehumet
Xom

Annotations:
D:2 1 runed translucent door, Crazy Yiuf


Innate Abilities, Weirdness & Mutations

Your life essence is reduced to manifest your ancestor. (-10% HP)
Your natural rate of healing is accelerated.
You have razor-sharp teeth.
You have supernaturally acute eyesight. (SInv)
You are afflicted with vampirism and can become a bat while bloodless.


Message History

You climb downwards.
The orc shouts!
You block the orc's attack. The orc barely misses you.
There is a stone staircase leading up here.
An orc is nearby!
You completely miss the orc.
Ingiyab closely misses the orc.
The orc barely misses you.
You hit the orc. You burn the orc. You bite the orc, but do no damage.
The orc is severely wounded.
Ingiyab hits the orc but does no damage.
You block the orc's attack.
Ingiyab hits the orc.
The orc dies!
Things that are here:
a +0 mace; a +0 scale mail An orc priest is nearby!
The orc priest looks encouraged for a moment.
A wight comes into view. It is wielding a +2 flail.
Found 5 stones.
The orc priest hits you with a +0 mace.
You completely miss the orc priest. The orc priest hits you with a +0 mace.
You slash the orc priest! You burn the orc priest.
You bite the orc priest, but do no damage.
The orc priest is almost dead.
The wight closely misses Ingiyab.
You block the orc priest's attack.
Ingiyab hits the orc priest but does no damage.
You slash the orc priest! You burn the orc priest.
You kill the orc priest!
The wight closely misses Ingiyab.
Ingiyab barely misses the wight.
Your Stealth skill increases to level 1!
The wight hits you with a +2 flail.
Ingiyab closely misses the wight.
You hit the wight. You burn the wight. You bite the wight.
The wight is moderately damaged.
The wight hits you with a +2 flail.
You feel drained.
Ingiyab hits the wight but does no damage.
You hit the wight but do no damage.
The wight is moderately damaged.
The wight hits you with a +2 flail!
Ingiyab barely misses the wight.
The wight hits you with a +2 flail!
* * * LOW HITPOINT WARNING * * *
The wight attacks as you move away! The wight hits you with a +2 flail!
You die...

###.R.#....zz
.#....# .....
.'.# ......#
..... .#.#
......+
(....##..# .#
......#
........####.#
......#
.#...#.......#
##....#
.............#
##....#
#.........#
........
#..)@..##.#
...#####
####...Rz....#
##+
#......####..#
..#
#.#.#........#.#
..#
#.#.#........#
##+
#.#.#........#
+.
#.#.#...####.#
#. #.#.###.# .#
#.+##+ #.#.# #.#
#


You could see the friendly Ingiyab the ancestor and a wight (ally target).

Vanquished Creatures
  An orc warrior (D:5)
  2 black bears (D:6)
  A bullfrog (D:6)
  A hound (D:6)
  2 orc priests
  2 jellies
  A sleepcap (D:5)
  Terence (D:2)
  Ijyb (D:3)
  2 iguanas
  2 orc wizards
  2 gnolls (D:6)
  4 adders
  A white imp (D:5)
  5 dart slugs
  15 orcs
  3 ball pythons
  8 endoplasms
  3 giant cockroaches
  6 goblins
  10 hobgoblins
  3 jackals (D:3)
  11 kobolds
  3 quokkas
  3 bats
  2 frilled lizards
95 creatures vanquished.

Vanquished Creatures (collateral kills)
  A gnoll (D:6)
  2 orcs (D:6)
3 creatures vanquished.

Vanquished Creatures (others)
  2 ancestors
2 creatures vanquished.

Grand Total: 100 creatures vanquished

Notes
Turn   | Place    | Note
-------+----------+-------------------------------------------
     0 | D:1      | Brutalitops the Vampire Fighter began the quest for the
                  | Orb.
     0 | D:1      | Reached XP level 1. HP: 17/17 MP: 1/1
   519 | D:1      | Reached XP level 2. HP: 23/23 MP: 2/2
   705 | D:2      | Gained mutation: You are afflicted with vampirism and can
                  | become a bat while bloodless. [Vampire growth]
   705 | D:2      | Reached XP level 3. HP: 12/28 MP: 3/3
   803 | D:2      | Found a stormy altar of Qazlal.
   813 | D:2      | Noticed Terence
   824 | D:2      | Killed Terence
   847 | D:2      | Reached skill level 1 in Dodging
   981 | D:2      | Reached XP level 4. HP: 28/35 MP: 4/4
  1084 | D:2      | Found a runed translucent door.
  1085 | D:2      | Noticed Crazy Yiuf
  1475 | D:3      | Noticed Ijyb
  1489 | D:3      | Killed Ijyb
  2201 | D:4      | Reached XP level 5. HP: 41/41 MP: 5/5
  2321 | D:4      | Reached skill level 3 in Long Blades
  2648 | D:4      | Found a staircase to the Ecumenical Temple.
  2663 | Temple   | Entered the Ecumenical Temple
  2777 | Temple   | Became a worshipper of Hepliaklqana the Forgotten
  2903 | D:4      | Reached skill level 4 in Long Blades
  3055 | D:5      | Entered Level 5 of the Dungeon
  3061 | D:5      | Reached XP level 6. HP: 47/47 MP: 6/6
  3811 | D:5      | Found a shimmering blue altar of Sif Muna.
  3815 | D:6      | Reached * piety under Hepliaklqana
  3855 | D:6      | Found a bloodstained altar of Trog.
  3879 | D:6      | Reached skill level 5 in Long Blades
  3898 | D:6      | Reached XP level 7. HP: 43/47 MP: 7/7
  4231 | D:6      | Reached skill level 1 in Stealth
  4234 | D:6      | Slain by a wight

Illustrated notes

Levels and vault maps discovered:
D:1:      minmay_arrival_split_and_join, layout_basic
D:2:      layout_loops_ring, basic_altar, uniq_terence, uniq_crazy_yiuf_cottage
D:3:      layout_basic, st_stairs_14, uniq_ijyb
D:4:      layout_gridville, minmay_temple_entry_proselytizer
D:5:      layout_loops_ring, nicolae_overflow_hidden_temple, moated_statue
D:6:      layout_basic, mainiacjoe_overflow_24_doors, overflow_temple_1_default,
          lemuel_round_altar, grunt_ministairs_10
Temple:   jpeg_temple_island

Skill      XL: |  1  2  3  4  5  6  7 |
---------------+----------------------+-----
Shields        | 3 |  3.5
Fighting       | 3 4 |  4.2
Dodging        | 1 2 |  2.9
Armour         | 3 |  3.8
Long Blades    | 4 5 |  5.9
Stealth        | 1 |  1.0

Action                     |  1- 3 |  4- 6 |  7- 9 || total
---------------------------+-------+-------+-------++-------
  Melee: Long sword        |    81 |   169 |    34 ||   284
         Bite              |     6 |    12 |     6 ||    24
 Invoke: Recall Ancestor   |       |       |     3 ||     3
    Use: Scroll            |     6 |     9 |     1 ||    16
   Stab: Distracted        |       |       |     1 ||     1
 Armour: Scale mail        |    30 |    84 |    19 ||   133
  Dodge: Dodged            |    35 |    94 |    20 ||   149
  Block: Buckler           |    22 |    38 |    15 ||    75
